 Dungeon Crawl Stone Soup version 0.24.1-8-ga250c9d538 (webtiles) character file.

Game seed: 11031260066672550743, levelgen mode: deterministic

95 Gwenloh the Cutter (level 4, -6/31 HPs)
             Began as a Halfling Monk on May 9, 2020.
             Killed from afar by an orc wizard (8 damage)
             ... with a magic dart
             ... while paralysed
             ... on level 3 of the Dungeon.
             The game lasted 00:10:09 (2343 turns).

Gwenloh the Cutter (Halfling Monk)                  Turns: 2343, Time: 00:10:10

Health: -6/31      AC:  3    Str: 12    XL:     4   Next: 95%
Magic:  4/4        EV:  3    Int:  9    God:
Gold:   117        SH:  0    Dex: 16    Spells: 3/3 levels left

rFire    . . .     SeeInvis .   a - +0 short sword
rCold    . . .     Gourm    .   (shield restricted)
rNeg     . . .     Faith    .   h - +0 leather armour
rPois    .         Spirit   .   (no helmet)
rElec    .         Reflect  .   (no cloak)
rCorr    .         Harm     .   (no gloves)
MR       .....                  (no boots)
Stlth    ++........             (no amulet)
HPRegen  0.10/turn              (no ring)
MPRegen  0.09/turn              (no ring)

@: paralysed, berserk cooldown, slowed
A: small, mutation resistance 1
a: no special abilities


You were on level 3 of the Dungeon.
You were hungry.

You visited 1 branch of the dungeon, and saw 3 of its levels.

You collected 117 gold pieces.

Inventory:

Hand Weapons
 a - a +0 short sword (weapon)
Missiles
 j - 28 stones
 r - 16 poisoned darts (quivered)
 s - 6 boomerangs
Armour
 b - a +0 robe
 h - a +0 leather armour (worn)
Scrolls
 g - a scroll of enchant weapon {unknown}
 i - a scroll of fog {unknown}
 l - 3 scrolls of identify {unknown}
 m - a scroll of amnesia {unknown}
 p - a scroll of teleportation {unknown}
Potions
 d - a potion of mutation {unknown}
 e - a potion of flight {unknown}
 f - a potion of berserk rage
 k - 2 potions of lignification {unknown}
 o - 2 potions of invisibility {unknown}
Comestibles
 c - 8 rations


   Skills:
 + Level 3.2 Fighting
 + Level 4.3 Short Blades
 + Level 1.6 Armour
 + Level 3.8 Dodging
 + Level 3.2 Stealth


You had 3 spell levels left.
You didn't know any spells.
Your spell library was empty.

Dungeon Overview and Level Annotations

Branches:
Dungeon (3/15)

Altars:


Innate Abilities, Weirdness & Mutations

You are small and have problems with some larger weapons.
You are somewhat resistant to further mutation.


Message History

You closely miss the rat. The rat misses you.
You hit the rat.
You kill the rat!
You see here 4 poisoned darts.
You feel a strong urge to attack something.
The orc wizard misses you.
You see here a poisoned dart.
You barely miss the orc wizard.
The orc wizard casts a spell.
The orc wizard blinks!
The orc wizard gestures wildly while chanting.
The orc wizard blinks!
r - 16 poisoned darts (gained 1)
You feel a strong urge to attack something.
You are no longer berserk.
You pass out from exhaustion.
You feel yourself slow down. The orc wizard casts a spell at you.
The magic dart hits you!
You die...

#.
#...############
#...(o.@()....(#
##..##########.#
.ยง. #.# # #.#
#.# #.#
#.#########
#.#........
#.#.#######


You could see an orc wizard.

Vanquished Creatures
  An adder (D:2)
  2 worms
  2 dart slugs
  A leopard gecko (D:2)
  3 orcs (D:3)
  11 bats
  2 giant cockroaches (D:2)
  6 goblins
  11 hobgoblins
  13 jackals
  A quokka (D:2)
  A ball python (D:2)
  2 frilled lizards
  7 kobolds
  5 rats
68 creatures vanquished.

Notes
Turn   | Place    | Note
-------+----------+-------------------------------------------
     0 | D:1      | Gwenloh the Halfling Monk began the quest for the Orb.
     0 | D:1      | Reached XP level 1. HP: 15/15 MP: 1/1
   130 | D:1      | Reached XP level 2. HP: 20/20 MP: 2/2
   461 | D:1      | Reached XP level 3. HP: 19/25 MP: 3/3
   639 | D:1      | Reached skill level 4 in Short Blades
  1259 | D:2      | Reached skill level 1 in Armour
  1446 | D:2      | Reached XP level 4. HP: 29/31 MP: 4/4
  2325 | D:3      | HP: 1/31 [orc wizard/+1 dagger of pain (2)]
  2330 | D:3      | HP: 2/46 [rat (1)]
  2343 | D:3      | Killed from afar by an orc wizard

Levels and vault maps discovered:
D:1:      minmay_arrival_glassed_features, layout_loops_ring, serial_forest,
          infiniplex_forest_lined_3, infiniplex_forest_end_2,
          infiniplex_forest_lined_room_3, infiniplex_forest_clump_curved,
          infiniplex_forest_join, minmay_strange_pillars, chequers_big_river
D:2:      layout_rooms, first_ration, hangedman_decor_growths, minmay_vboxes
D:3:      layout_basic

Skill      XL: |  1  2  3  4 |
---------------+-------------+-----
Short Blades   | 4 |  4.3
Fighting       | 3 |  3.2
Armour         | 1 |  1.6
Stealth        | 3 |  3.2
Dodging        | |  3.8

Action                   |  1- 3 |  4- 6 || total
-------------------------+-------+-------++-------
Melee: Short sword       |    89 |    73 ||   162
Throw: Dart              |    45 |    78 ||   123
       Stone             |       |     2 ||     2
  Use: Potion            |       |     1 ||     1
 Stab: Sleeping          |     4 |       ||     4
  Eat: Chunk             |     2 |     2 ||     4
Armor: Robe              |     1 |       ||     1
       Leather armour    |    12 |    10 ||    22
Dodge: Dodged            |    55 |    47 ||   102
